 Dungeon Crawl Stone Soup version 0.13.0-17-g5f0e85f (webtiles) character file.

3321 Narretz the Shield-Bearer (level 9, -4/82 HPs)
             Began as a Gargoyle Fighter on Oct 21, 2013.
             Was an Initiate of Okawaru.
             Slain by an orc warrior
             ... wielding a +0,+1 orcish halberd
              (14 damage)
             ... in a bailey.
             The game lasted 00:27:30 (6023 turns).

Narretz the Shield-Bearer (Gargoyle Fighter)        Turns: 6023, Time: 00:27:30

HP  -4/82        AC 13     Str 31      XL: 9   Next: 69%
MP   8/8         EV  7     Int  8      God: Okawaru [......]
Gold 555         SH 24     Dex  9      Spells:  0 memorised,  8 levels left

Res.Fire  : . . .   See Invis. : .   K - +6,+0 flail (crush)
Res.Cold  : . . .   Warding    : .   L - +0 chain mail
Life Prot.: + . .   Conserve   : .   c - +0 shield
Res.Poison: +       Res.Corr.  : .   (no helmet)
Res.Elec. : +       Clarity    : .   (no cloak)
Sust.Abil.: . .     Spirit.Shd : .   h - +0 pair of gloves
Res.Mut.  : .       Stasis     : .   (boots unavailable)
Res.Rott. : +       Flight     : .   (no amulet)
Saprovore : . . .                    (no ring)
                                     F - +4 ring of strength

@: invisible, berserking, very slightly contaminated, hasted, very quick,
slightly resistant to hostile enchantments, extremely unstealthy
A: fangs 1, talons 3, deformed body, life protection 1, electricity resistance,
slow metabolism 1, unbreathing, petrification resistance, AC +5, Int -2
a: Renounce Religion


You were in a bailey.
You worshipped Okawaru.
Okawaru was noncommittal.
You were not hungry.

You visited 3 branches of the dungeon, and saw 10 of its levels.
You also visited: Bailey.

You collected 535 gold pieces.

Inventory:

Hand weapons
 A - a +0 blowgun
 K - a +6,+0 flail of crushing (weapon)
Missiles
 u - 8 darts of dispersal (quivered)
 B - 6 poisoned needles
Armour
 c - a +0 shield (worn)
 h - a +0 pair of gloves (worn)
 L - a +0 chain mail (worn)
Magical devices
 t - a wand of lightning (0)
 G - a wand of flame (7)
Comestibles
 d - 8 bread rations
 g - 3 meat rations
 k - 3 apples
 C - a snozzcumber
 N - 2 rotting chunks of orc flesh
 O - 4 chunks of orc flesh
Scrolls
 a - a scroll of enchant armour {unknown}
 e - a scroll of blinking {unknown}
 j - a scroll of fog {unknown}
 l - 3 scrolls of identify
 m - 2 scrolls of magic mapping
 n - a scroll of curse armour {unknown}
 o - 2 scrolls of fear
 p - 2 scrolls of recharging {unknown}
 q - a scroll of amnesia {unknown}
 r - 5 scrolls of remove curse
 s - 4 scrolls of teleportation
 v - 2 scrolls of random uselessness {unknown}
 w - 2 scrolls of noise
Jewellery
 F - a +4 ring of strength (left hand)
 J - an uncursed ring of ice
Potions
 f - 2 potions of confusion
 i - a potion of restore abilities
 E - 2 potions of magic
Books
 z - a book of Dreams

   Spells                             Type                      Level
   Ensorcelled Hibernation            Hexes/Ice                    2
   Flight                             Charms/Air                   3
   Phase Shift                        Translocation                5
   Shadow Creatures                   Summoning                    5
   Mass Confusion                     Hexes                        6
   Darkness                           Hexes                        7


   Skills:
 * Level 6.8 Fighting
 + Level 6.5 Maces & Flails
 + Level 7.0 Armour
 + Level 4.7 Dodging
 + Level 1.0 Stealth
 + Level 7.6 Shields
 + Level 0.2 Evocations


You had 8 spell levels left.
You didn't know any spells.

Dungeon Overview and Level Annotations

Branches:
Dungeon (8/27)             Temple (1/1) D:4             Orc (1/4) D:6
   Lair: D:8-13

Altars:
Ashenzari
Elyvilon
Kikubaaqudgha
Nemelex Xobeh
Okawaru
Sif Muna
Trog
Vehumet
Yredelemnul
Zin
the Shining One

Shops:
D:4 /


Innate Abilities, Weirdness & Mutations

You are resistant to torment.
You are immune to poison.
Your stone body is very resilient (AC +5).
You have very sharp teeth.
You have claws for feet.
You resist negative energy.
You are resistant to electric shocks.
You have a slow metabolism.
You can survive without breathing.
You are immune to petrification.
Armour fits poorly on your strangely shaped body.
You are dopey. (Int -2)


Message History

an orc corpse Drink which item? (? for menu, Esc to quit)
You feel yourself speed up.
It was a potion of speed.
You are very lightly contaminated with residual magic.
Drink which item? (? for menu, Esc to quit)
You feel extremely strange.
Your body twists and deforms.
You feel stupid.
Your feet stretch into talons.
It was a potion of mutation.
You block the orc warrior's attack.
Drink which item? (? for menu, Esc to quit)
You fade into invisibility!
It was a potion of invisibility.
Drink which item? (? for menu, Esc to quit)
A red film seems to cover your vision as you go berserk!
You feel yourself moving faster!
You feel mighty!
It was a potion of berserk rage.
The orc throws a runed orcish hand axe.
The runed orcish hand axe hits the orc warrior.
The orc warrior picks up a runed orcish hand axe.
You feel a strong urge to attack something.
The orc warrior hits you with an orcish halberd!
You die...

############
##......o@∩)## .
######..o......)..#
..#....#...o....))))#
..'.%..o...........∩#
..#o...#............#
. ######............#
##........∩.##
############


You could see 2 orc warriors and an orc.

Vanquished Creatures
  A hippogriff (D:7)
  Edmund (D:5)
  A hill giant skeleton (D:8)
  5 orc warriors
  2 ogres
  A phantom (D:5)
  3 centaurs
  Sigmund (D:3)
  A big kobold (D:6)
  5 wights (D:7)
  6 orc priests
  3 crimson imps
  A giant frog skeleton (D:7)
  5 orc wizards
  A centaur zombie (D:5)
  2 hounds
  A centaur skeleton (D:4)
  An iguana (D:5)
  2 scorpions
  A worker ant (D:7)
  Ijyb (D:2)
  A hound skeleton (D:5)
  11 gnolls
  6 adders
  3 giant mites
  3 worms
  4 giant geckos
  50 orcs
  4 bats
  A bat skeleton (D:5)
  2 giant cockroaches
  14 goblins
  12 hobgoblins
  10 jackals
  17 kobolds
  3 quokkas
  7 giant newts
  A goblin skeleton (D:4)
  An orc zombie (D:5)
  9 rats
204 creatures vanquished.

Notes
Turn   | Place    | Note
--------------------------------------------------------------
     0 | D:1      | Narretz, the Gargoyle Fighter, began the quest for the Orb.
     0 | D:1      | Reached XP level 1. HP: 14/14 MP: 0/0
   149 | D:1      | Reached XP level 2. HP: 12/19 MP: 1/1
   513 | D:2      | Reached XP level 3. HP: 24/24 MP: 2/2
   610 | D:2      | Reached skill level 4 in Fighting
   610 | D:2      | Reached XP level 4. HP: 29/29 MP: 3/3
   624 | D:2      | Noticed Ijyb
   643 | D:2      | Killed Ijyb
   702 | D:2      | Noticed a jellyfish
   705 | D:2      | Noticed a giant goldfish
   705 | D:2      | Noticed a giant goldfish
  1031 | D:2      | Found a glowing golden altar of the Shining One.
  1032 | D:2      | Noticed an angel
  1042 | D:2      | Found a basalt altar of Yredelemnul.
  1043 | D:2      | Noticed a profane servitor
  1414 | D:3      | Noticed Sigmund
  1432 | D:3      | Killed Sigmund
  1432 | D:3      | Reached skill level 1 in Dodging
  1432 | D:3      | Reached XP level 5. HP: 20/33 MP: 4/4
  1897 | D:4      | Found a staircase to the Ecumenical Temple.
  1910 | Temple   | Entered the Ecumenical Temple
  2113 | D:4      | Reached XP level 6. HP: 30/39 MP: 5/5
  2600 | D:4      | Found Klygumin's Magical Wand Shop.
  2785 | D:5      | Entered Level 5 of the Dungeon
  2878 | D:5      | Reached skill level 5 in Armour
  2878 | D:5      | Reached skill level 5 in Shields
  2878 | D:5      | Reached XP level 7. HP: 27/44 MP: 6/6
  3442 | D:5      | Reached skill level 5 in Fighting
  3517 | D:5      | Noticed Edmund
  3546 | D:5      | Killed Edmund
  3546 | D:5      | Reached XP level 8. HP: 47/49 MP: 7/7
  3795 | D:6      | Found a staircase to the Orcish Mines.
  4201 | D:6      | Reached skill level 5 in Maces & Flails
  4388 | D:6      | Reached skill level 6 in Shields
  4867 | D:7      | Found a white marble altar of Elyvilon.
  4990 | D:7      | Reached skill level 1 in Stealth
  5167 | D:7      | Reached XP level 9. HP: 54/54 MP: 8/8
  5171 | D:7      | Found an iron altar of Okawaru.
  5172 | D:7      | Found a bloodstained altar of Trog.
  5181 | D:7      | Became a worshipper of Warmaster Okawaru
  5392 | D:8      | Reached skill level 7 in Shields
  5621 | Orc:1    | Entered Level 1 of the Orcish Mines
  5781 | Orc:1    | Found a flagged portal.
  5798 | Bailey   | Entered a bailey
  6020 | Bailey   | Gained mutation: Armour fits poorly on your strangely shaped body. [potion of mutation]
  6020 | Bailey   | Gained mutation: You are dopey. (Int -2) [potion of mutation]
  6020 | Bailey   | Gained mutation: You have claws for feet. [potion of mutation]
  6023 | Bailey   | Slain by an orc warrior

Action                   |  1- 3 |  4- 6 |  7- 9 || total
-------------------------+-------+-------+-------++-------
Melee: Mace              |    71 |   129 |       ||   200
       Flail             |       |    96 |   330 ||   426
Evoke: Wand              |       |     1 |     6 ||     7
  Use: Potion            |       |     7 |     5 ||    12
       Scroll            |       |     2 |     5 ||     7
